 Dungeon Crawl Stone Soup version 0.21-a0-265-gb353147 (webtiles) character file.

203 4thArraOfDagon the Bolt Thrower (level 5, -6/41 HPs)
             Began as a Barachi Arcane Marksman on Sept 11, 2017.
             Killed by nerve-wracking pain
             ... invoked by Grinder
              (7 damage)
             ... on level 5 of the Dungeon.
             The game lasted 00:03:28 (660 turns).

4thArraOfDagon the Bolt Thrower (BaAM)               Turns: 660, Time: 00:03:29

Health: -6/41      AC:  4    Str: 11    XL:     5   Next: 81%
Magic:  6/6        EV: 12    Int: 14    God:
Gold:   40         SH:  0    Dex: 13    Spells: 5/6 levels left

rFire    . . .     SeeInvis +   a - +0 hand crossbow
rCold    . . .     Gourm    .   (no shield)
rNeg     . . .     Faith    .   e - +0 robe
rPois    .         Spirit   .   h - +1 helmet (curse)
rElec    .         Reflect  .   (no cloak)
rCorr    .         Harm     .   (no gloves)
MR       .....                  (no boots)
Stlth    +.........             i - amulet of magic regeneration
HPRegen  0.13/turn              o - ring of see invisible
MPRegen  0.35/turn              (no ring)

@: can't hop, slow
A: +LOS, swims, slowness 1, strong legs 1
a: Hop


You were on level 5 of the Dungeon.
You were not hungry.

You visited 1 branch of the dungeon, and saw 5 of its levels.

You collected 40 gold pieces.

Inventory:

Hand Weapons
 a - a +0 hand crossbow (weapon)
 q - a +2 short sword of venom
Missiles
 d - 16 bolts (quivered)
Armour
 e - a +0 robe (worn)
 h - a cursed +1 helmet (worn)
Jewellery
 i - an amulet of magic regeneration (around neck)
 o - a ring of see invisible (left hand)
Scrolls
 k - a scroll of teleportation
 n - 2 scrolls of amnesia
Books
 c - a book of Debilitation

   Spells                             Type                      Level
   a - Corona                         Hexes                        1
   b - Slow                           Hexes                        2
   c - Inner Flame                    Hexes/Fire                   3
   d - Portal Projectile              Hexes/Translocation          3
   e - Cause Fear                     Hexes                        4
   f - Leda's Liquefaction            Hexes/Earth                  4
Comestibles
 f - 4 bread rations


   Skills:
 + Level 3.4 Fighting
 - Level 5.1 Crossbows
 - Level 2.1 Dodging
 - Level 1.1 Spellcasting
 - Level 3.2 Hexes


You had 5 spell levels left.
You knew the following spells:

 Your Spells              Type           Power        Failure   Level  Hunger
a - Corona                Hex            #......      7%          1    ##.....


Dungeon Overview and Level Annotations

Branches:
Dungeon (5/15)
 Temple: D:4-7

Altars:

Annotations:
D:5 Grinder


Innate Abilities, Weirdness & Mutations

Shadows flee at your approach. (+LOS)
You can swim through water.
You cover ground slowly.
You can hop short distances.


Message History

Grinder barely misses you.
Unknown command.
It was a potion of cancellation.
Your magical effects are unravelling.
You feel magically purged.
You feel a little less agile now. Grinder closely misses you.
Unknown command.
Hop to where?
Press: ? - help, Dir - move target cursor, p - Grinder Boing!
Unknown command.
Firing (i - inventory):
d - 17 bolts (quivered)
Press: ? - help, Shift-Dir - straight line, f - Grinder
Aim: Grinder (sparse dust, severely wounded)
You shoot a bolt. The bolt hits Grinder.
Grinder is severely wounded.
Grinder gestures at you. Pain shoots through your body!
You die...

#....##(#.#
#.# .
#....##(#.#
#.# .
#....##(#.#
#.# .
#....##5#.#
#.# .
#....##.#.#
#.# .
##'####.#
#.# . #.#
#.# #.# #(#
#.# #@# #.#
#.# #.# #.#
#.# #.# #.#
#.. ### ###


You could see Grinder.

Vanquished Creatures
  An ogre (D:4)
  An orc priest (D:4)
  A hound (D:5)
  A howler monkey skeleton (D:4)
  An adder (D:2)
  An adder skeleton (D:4)
  A worm (D:3)
  7 orcs
  3 bats
  3 hobgoblins
  4 jackals (D:3)
  A leopard gecko zombie (D:4)
  3 rats
28 creatures vanquished.

Notes
Turn   | Place    | Note
-------+----------+-------------------------------------------
     0 | D:1      | 4thArraOfDagon the Barachi Arcane Marksman began the quest for the Orb.
     0 | D:1      | Reached XP level 1. HP: 15/15 MP: 2/2
    89 | D:2      | Reached XP level 2. HP: 19/21 MP: 3/3
   104 | D:2      | Reached skill level 3 in Crossbows
   285 | D:3      | Reached XP level 3. HP: 26/26 MP: 4/4
   416 | D:4      | Noticed an ogre
   427 | D:4      | Killed an ogre
   427 | D:4      | Reached skill level 5 in Crossbows
   427 | D:4      | Reached XP level 4. HP: 32/32 MP: 5/5
   427 | D:4      | Reached XP level 5. HP: 37/37 MP: 6/6
   565 | D:5      | Entered Level 5 of the Dungeon
   632 | D:5      | Noticed Grinder
   634 | D:5      | Paralysed by Grinder for 7 turns
   651 | D:5      | Paralysed by Grinder for 6 turns
   656 | D:5      | HP: 1/41 [Grinder (2)]
   660 | D:5      | Killed from afar by Grinder

Vault maps used:
D:1:      sevenhm_arrival_forest_fort_large_3
D:2:      minmay_misc_feat_rows
D:3:      old_standard_altar, glass_columns_b, minmay_stone_trees_small,
          minmay_cut_off
D:4:      serial_shops, kennysheep_little_box, first_bread
D:5:      portal_sewer_entry_d, uniq_grinder, uniq_duvessa, uniq_sigmund

Skill      XL: |  1  2  3  4  5 |
---------------+----------------+-----
Crossbows      | 3 5 |  5.1
Fighting       | 3 |  3.4
Dodging        | |  2.1
Spellcasting   | |  1.1
Hexes          | |  3.2

Action                   |  1- 3 |  4- 6 || total
-------------------------+-------+-------++-------
Melee: Short sword       |       |    16 ||    16
 Fire: Hand crossbow     |    46 |    29 ||    75
 Abil: Hop               |     2 |     2 ||     4
  Use: Scroll            |       |     4 ||     4
       Potion            |       |     3 ||     3
Armor: Robe              |    10 |     7 ||    17
Dodge: Dodged            |    21 |    17 ||    38

Table legend:
 A = Spawn XP
 B = Non-spawn XP
 C = Spawn XP percentage of total XP
 D = Spawn monster count
 E = Non-spawn monster count
 F = Spawn count percentage of total count
 G = Total turns spent on level
                    A         B        C        D         E        F      G
               +---------+---------+-------+---------+---------+-------+---------
         Total |       0 |     290 |   0.0 |       0 |      28 |   0.0 |   660
               +---------+---------+-------+---------+---------+-------+---------
           D:1 |       0 |       2 |   0.0 |       0 |       1 |   0.0 |    80
           D:2 |       0 |      19 |   0.0 |       0 |       4 |   0.0 |    89
           D:3 |       0 |      27 |   0.0 |       0 |      12 |   0.0 |   230
           D:4 |       0 |     202 |   0.0 |       0 |      10 |   0.0 |   166
           D:5 |       0 |      40 |   0.0 |       0 |       1 |   0.0 |    95
               +---------+---------+-------+---------+---------+-------+---------
